[Event "FIDE WY-U16 Olympiad 2022"]
[Site "Nakhchivan"]
[Date "2022.10.04"]
[Round "3.12"]
[White "Abdinova, Narmin"]
[Black "Caballero Ramos, Greter"]
[Result "1-0"]
[ECO "C00"]
[WhiteElo "1810"]
[BlackElo "1912"]
[Annotator "TA"]
[PlyCount "119"]
[EventDate "2022.10.02"]
[EventType "team-tourn"]
[EventCountry "AZE"]
[SourceTitle "playchess.com"]
[Source "ChessBase"]
[SourceQuality "1"]
[WhiteTeam "Azerbaijan"]
[BlackTeam "Cuba"]
[WhiteTeamCountry "AZE"]
[BlackTeamCountry "CUB"]
[TimeControl "40/5400+30:1800+30"]

1. e4 e6 2. Qe2 c5 3. g3 Nc6 4. Nf3 g6 5. Bg2 Bg7 6. O-O Nge7 7. c3 $1 {[%emt 0:04:20] The main line 7.c3 scores better than 7.d3.} O-O 8. Rd1 {[%emt 0:01:55] C00: French: Unusual White 2nd moves.} d5 9. d4 dxe4 10. Qxe4 {[%emt 0:00:57] The position is equal.} cxd4 11. cxd4 {[%emt 0:01:22] [#]} Qb6 $146 (11... e5 $5 ) ({Predecessor:} 11... Nf5 12. Na3 Nfxd4 13. Nxd4 Bxd4 14. Be3 e5 15. Bxd4 exd4 16. Nb5 Bf5 17. Qf4 Bc2 {½-½ (30) Liu,Q (2483)-Ding,L (2679) Ho Chi Minh City 2012}) 12. Na3 Rd8 13. Nc4 {[%emt 0:04:44] Prevents e5.} Qb5 14. Bf1 Qd5 15. Qxd5 Nxd5 16. Nce5 Bd7 17. Bc4 Be8 18. Nxc6 Bxc6 19. Ne5 Nb6 20. Bb3 Ba4 (20... Bd5 $5 21. Be3 Bxb3 22. axb3 Nd5 $15) 21. Bxa4 Nxa4 22. Be3 Rac8 23. b3 Nc3 24. Rd2 Nd5 25. Nd3 Rc3 (25... Nxe3 $17 26. fxe3 Rxd4 $1 ) 26. Rc1 $15 Rdc8 27. Rxc3 Rxc3 ({But not} 27... Nxc3 28. Rc2 $11) 28. Kf1 b6 29. Ke2 Kf8 30. Rb2 Ke7 31. Kd2 Kd6 32. Rc2 {[%emt 0:01:14] [#]} Rxd3+ 33. Kxd3 {[%emt 0:00:12][%mdl 4096] Endgame aiming for Rc8. KRB-KBN} Nb4+ 34. Kd2 {[%emt 0:00:16] And now Bf4+ would win.} Nxc2 35. Kxc2 {[%emt 0:00:04] KB-KB} Kd5 36. Kd3 g5 (36... Bf8 $15) 37. g4 (37. Bxg5 $11 Bxd4 38. Be3) 37... h6 38. h3 f6 39. f4 (39. Bd2 $11) 39... gxf4 (39... Bf8 $17 40. Bd2 Bd6 41. fxg5 hxg5) 40. Bxf4 $11 e5 (40... f5 $11) 41. dxe5 $1 $16 fxe5 42. Bd2 (42. Be3 $18) 42... e4+ 43. Ke2 {[%emt 0:00:01] Threatens to win with Be3.} Bf8 $2 ({Black should play} 43... a6 $14) 44. h4 $2 (44. Be3 $18) 44... Ke5 45. Be3 {[%emt 0:01:08] Strongly threatening Kf2.} Kd5 (45... Be7 $16 {was worth a try.}) 46. a4 $18 Kc6 47. Bd4 Be7 {[%emt 0:00:19] [#]} 48. Bg7 (48. h5 $1 $16) 48... Bxh4 $11 49. Bxh6 Kd6 (49... Kc5 $11 {remains equal.}) 50. Ke3 ({White should try} 50. g5 $16) 50... Kd5 $2 (50... Kc5 $11) 51. g5 $18 {[%emt 0:00:00][%cal Bg4g5,Bg5g6,Bg6g7][%mdl 32] Hoping for g6.} a6 52. g6 {[%emt 0:00:00] White mates.} Ke6 53. Bf8 ({Less strong is} 53. Kxe4 b5 54. axb5 axb5 $18) 53... Kf6 54. g7 Kf7 55. Kxe4 Bf2 56. Kd5 Be3 57. Kc6 Bf2 58. Kb7 a5 59. Ka6 Be3 {[%emt 0:00:00] [#]} 60. Bd6 {[%emt 0:00:00] Weighted Error Value: White=0.26 (precise) /Black=0.37} (60. Be7 $142 $1 Bd4 (60... Kg8 61. Bd8) 61. Bd8 Kg8 62. Bxb6 Be5 63. Bxa5 Kxg7 64. Bb6 Kg6 65. a5) 1-0

[Event "FIDE WY-U16 Olympiad 2022"]
[Site "Nakhchivan"]
[Date "2022.10.04"]
[Round "3.12"]
[White "Humbatova, Nazli"]
[Black "Sustov, Savva"]
[Result "0-1"]
[ECO "B34"]
[WhiteElo "1777"]
[BlackElo "1957"]
[Annotator "TA"]
[PlyCount "90"]
[EventDate "2022.10.02"]
[EventType "team-tourn"]
[EventCountry "AZE"]
[SourceTitle "playchess.com"]
[Source "ChessBase"]
[SourceQuality "1"]
[WhiteTeam "Azerbaijan"]
[BlackTeam "Moldova"]
[WhiteTeamCountry "AZE"]
[BlackTeamCountry "MDA"]
[TimeControl "40/5400+30:1800+30"]

1. e4 c5 2. Nf3 Nc6 3. d4 cxd4 4. Nxd4 g6 5. Nc3 Bg7 6. Be3 Nf6 7. Nxc6 bxc6 8. e5 Ng8 9. f4 d5 {[%emt 0:05:50] B34: Sicilian: Accelerated Dragon with 5 Nc3: sidelines.} 10. Bd4 Nh6 11. Bd3 O-O {[%emt 0:09:14] The position is equal.} 12. O-O Qa5 {[%emt 0:08:16] [#] Inhibits Na4.} 13. a3 $146 {[%emt 0:05:48] Inhibits Qb4.} ({Predecessor:} 13. Qf3 Rb8 14. Rab1 Be6 15. h3 Rbc8 16. Bf2 Rfd8 17. a3 c5 18. g4 c4 19. Be2 {½-½ (28) Kozin,D (1941)-Kurzykov,A (2035) Dagomys 2009}) 13... Qc7 (13... f6 $11) 14. Na4 $14 Nf5 15. Bxf5 Bxf5 16. Nc5 Bd7 17. Kh1 a5 18. b4 ({Of course not} 18. Nxd7 Qxd7 19. Qd2 Rfc8 $11) 18... Rfb8 19. bxa5 Rxa5 20. Qd2 Rba8 21. a4 e6 22. Rfb1 Qc8 $1 23. Ra2 Bf8 24. Qc3 Bxc5 25. Bxc5 Rxa4 26. Rxa4 Rxa4 27. Bd6 Ra8 {[%emt 0:00:11][%cal Oc6c5] Prevents Rb8.} (27... Rxf4 $2 28. h3 $18) 28. h3 h6 (28... c5 $5) 29. Qg3 Qd8 30. Kh2 Rc8 31. Qa3 Qh4 (31... c5 $11 {keeps the balance.}) 32. g3 ({White must play} 32. Qa7 $1 $16 Be8 33. Kg1) 32... Qh5 (32... Qd8 $5 ) 33. g4 {[%emt 0:00:57][%mdl 1024] White has compensation.} Qh4 {[%emt 0:00:07] Strongly threatening ...Qf2+.} 34. Qa7 {[%emt 0:01:26] Prevents Qf2+.} Rd8 35. Qc5 {[%emt 0:00:01] Hoping for Be7.} g5 {[%emt 0:00:48] [#]} (35... Re8 $11 {remains equal.}) 36. Be7 $1 $16 Ra8 37. Rf1 (37. Bf6 $16 {aiming for Kg2.} Be8 38. Rg1) 37... Ra4 $11 38. Qd6 {[%emt 0:00:30] Threatening mate with Qb8+.} Rc4 39. Qb8+ Kh7 {[%emt 0:00:18] Really sharp!} (39... Bc8 $5 40. Qb3 $8 (40. Qxc8+ {is a self mate.} Kh7) 40... Ba6 41. fxg5 Bb5 $18) 40. Qb1 (40. Qb3 $11) 40... Rc3 {[%emt 0:00:34] Black mates.} 41. Rf3 Rxf3 42. c3+ Kg8 43. Qb8+ {[%emt 0:00:00] [#]} Bc8 $1 44. Qxc8+ Kh7 45. Bf6 Qg3+ {[%emt 0:00:00] Weighted Error Value: White=0.26 (precise) /Black=0.19 (very precise)} 0-1

[Event "FIDE WY-U16 Olympiad 2022"]
[Site "Nakhchivan"]
[Date "2022.10.04"]
[Round "3.13"]
[White "Nemsadze, Daviti"]
[Black "Daneshvar, Bardiya"]
[Result "1-0"]
[ECO "B68"]
[WhiteElo "2012"]
[BlackElo "2515"]
[Annotator "TA"]
[PlyCount "61"]
[EventDate "2022.10.02"]
[EventType "team-tourn"]
[EventCountry "AZE"]
[SourceTitle "playchess.com"]
[Source "ChessBase"]
[SourceQuality "1"]
[WhiteTeam "Georgia"]
[BlackTeam "Iran"]
[WhiteTeamCountry "GEO"]
[BlackTeamCountry "IRI"]
[TimeControl "40/5400+30:1800+30"]

1. e4 c5 2. Nf3 d6 3. d4 cxd4 4. Nxd4 Nf6 5. Nc3 Nc6 6. Bg5 e6 7. Qd2 a6 8. O-O-O Bd7 9. f4 Be7 {[%emt 0:00:25] The modern move.} 10. Be2 h6 11. Bh4 {[%emt 0:01:31] B68: Sicilian: Richter-Rauzer: 7...a6 8 0-0-0 Bd7 9 f4 Be7 .} b5 {[%emt 0:00:14] 11...Qc7 is not played anymore.} 12. Bf3 b4 13. Nce2 {[%emt 0:00:43] [#] Threatens to win with Nxc6. White has an edge.} Rc8 $146 ({Predecessor:} 13... Qa5 14. Kb1 Rc8 15. Nb3 Qc7 16. Bf2 a5 17. Nbd4 Nxd4 18. Nxd4 e5 19. fxe5 dxe5 {0-1 (32) Cloutier,M (2040)-Enkh Amar,G (2140) Montreal 2014}) 14. Bxf6 gxf6 (14... Bxf6 $11 15. Nxc6 Bxc6) 15. Nxc6 $1 $16 {[%emt 0:00:28] White is more active.} Bxc6 16. Nd4 (16. Qxb4 $142 O-O 17. Kb1) 16... Qb6 17. Kb1 Bb7 18. Rhe1 a5 19. Bh5 Kf8 $1 20. Qe2 ({White should try} 20. Qd3 $16) 20... Qc5 {[%emt 0:06:12] [#]} (20... Rc5 $1 $11) 21. Nb3 ({White should play} 21. Bxf7 $1 $14 Kxf7 22. Qg4) 21... Qc7 $2 {[%emt 0:00:51] [#]} (21... Qb6 $1 $11 {and Black stays safe.}) 22. Nd4 $2 (22. Bxf7 $1 $18 Ba6 23. Qxa6 Qxc2+ 24. Ka1 Kxf7 25. Qxa5) 22... a4 $2 {[%emt 0:03:02][%mdl 8192] [#]} (22... Qc5 $11) 23. Bxf7 $1 $18 {[%emt 0:00:27][%mdl 512] Qh5 is the strong threat. White is clearly winning.} Ba6 (23... e5 24. Ne6+) 24. Qh5 Bc4 25. Bxe6 Bd8 26. b3 Ba6 27. Bxc8 Bxc8 28. Qd5 Be7 29. e5 {[%emt 0:00:48] Intending Ne6+ and mate.} dxe5 30. fxe5 {[%emt 0:01:04] Hoping for Ne6+.} a3 31. Nb5 {[%emt 0:00:35] Weighted Error Value: White=0.33/Black=0.44} 1-0

[Event "FIDE WY-U16 Olympiad 2022"]
[Site "Nakhchivan"]
[Date "2022.10.04"]
[Round "3.13"]
[White "Swarnavo, Choudhury"]
[Black "Teh, Rui Gen"]
[Result "1/2-1/2"]
[ECO "B36"]
[WhiteElo "1979"]
[BlackElo "1824"]
[Annotator "TA"]
[PlyCount "89"]
[EventDate "2022.10.02"]
[EventType "team-tourn"]
[EventCountry "AZE"]
[SourceTitle "playchess.com"]
[Source "ChessBase"]
[SourceQuality "1"]
[BlackTeam "Malaysia"]
[BlackTeamCountry "MAS"]
[TimeControl "40/5400+30:1800+30"]

1. e4 c5 2. Nf3 g6 3. d4 cxd4 4. Nxd4 Nc6 5. c4 Nf6 6. Nc3 d6 7. Be2 Nxd4 8. Qxd4 Bg7 9. Be3 O-O 10. Qd2 Be6 11. f3 Qa5 (11... Rc8 $5 ) 12. b3 {[%emt 0:02:40] B36: Sicilian: Maroczy Bind: Gurgenidze System.} Rfc8 {[%emt 0:04:16][%cal Of6g4] [#]} 13. Na4 $146 ({Predecessor:} 13. Rc1 a6 14. Na4 Qxd2+ 15. Kxd2 Nd7 16. g4 f5 17. exf5 gxf5 18. g5 Rd8 19. f4 Rab8 20. Nc3 Nc5 21. Bf3 b5 22. cxb5 axb5 23. Nd5 Bxd5 24. Bxd5+ e6 {0-1 (80) Bayo Milagro,A (2233)-Vakhlamov,I (2413) Chess.com INT 2021}) 13... Qxd2+ 14. Kxd2 Nd7 15. Rac1 Nc5 16. Nxc5 dxc5 17. f4 Rd8+ 18. Kc2 Bd4 19. Bd2 (19. Bxd4 $11 Rxd4 20. Bf3) 19... Bd7 $15 20. Rcd1 Bc6 21. Bf3 f6 22. Rhe1 Kf7 23. Bc3 Bxc3 24. Kxc3 e5 25. fxe5 fxe5 26. a3 (26. Rxd8 $15 {is more appropriate.} Rxd8 27. g3) 26... Ke7 (26... Rd4 $17) 27. Kc2 (27. b4 $11) 27... b6 28. Rd3 Rxd3 (28... Rd4 $17) 29. Kxd3 $17 {[%emt 0:00:01][%mdl 4096] Endgame KRB-KRB} Rd8+ 30. Ke3 Rd4 31. Rd1 Kd6 32. Rxd4+ cxd4+ $11 {[%emt 0:00:11] KB-KB} 33. Kd3 a5 34. b4 Ba4 35. Bg4 axb4 36. axb4 {The position is equal.} Bc6 37. Bc8 Bd7 38. Bxd7 Kxd7 {[%emt 0:00:04] KP-KP} 39. g4 h5 40. g5 Kc6 41. h4 Kb7 42. Kc2 $1 Kc7 43. Kd3 Kb7 44. Kc2 b5 45. c5 $1 {[%emt 0:00:07] Weighted Error Value: White=0.16 (very precise) /Black=0.13 (very precise)} ({Don't blunder} 45. cxb5 $2 Kb6 46. Kb2 Kxb5 $19) 1/2-1/2

[Event "FIDE WY-U16 Olympiad 2022"]
[Site "Nakhchivan"]
[Date "2022.10.04"]
[Round "3.14"]
[White "Ashraf, Artin"]
[Black "Shamatava, Nikolozi"]
[Result "1-0"]
[ECO "B38"]
[WhiteElo "2379"]
[BlackElo "1957"]
[Annotator "TA"]
[PlyCount "75"]
[EventDate "2022.10.02"]
[EventType "team-tourn"]
[EventCountry "AZE"]
[SourceTitle "playchess.com"]
[Source "ChessBase"]
[SourceQuality "1"]
[WhiteTeam "Iran"]
[BlackTeam "Georgia"]
[WhiteTeamCountry "IRI"]
[BlackTeamCountry "GEO"]
[TimeControl "40/5400+30:1800+30"]

1. Nf3 c5 2. c4 Nc6 3. d4 cxd4 4. Nxd4 g6 5. e4 Bg7 6. Be3 d6 7. Nc3 Nf6 8. Be2 O-O 9. O-O Nxd4 10. Bxd4 Be6 11. Qd2 Qa5 12. Rad1 Rfc8 13. b3 {[%emt 0:00:37] B38: Sicilian: Maroczy Bind with 5...Bg7 and 7...0-0.} Ne8 {[%emt 0:07:19] [#]} 14. Qe3 $146 (14. Bxg7 {looks sharper.} Nxg7 15. f4 Rab8 16. Rf2) ({Predecessor:} 14. f4 Bxd4+ 15. Qxd4 Nf6 16. f5 Bd7 17. b4 Qb6 18. Qxb6 axb6 19. fxg6 hxg6 20. e5 Ra3 21. exf6 Rxc3 22. fxe7 {½-½ (32) So,W (2531)-Senador,E (2356) Manila 2007}) 14... Bxd4 15. Rxd4 {[%emt 0:00:04] White is better.} Ng7 16. f4 f6 17. f5 Bf7 (17... gxf5 $2 18. exf5 Bf7 19. g4) 18. fxg6 $1 hxg6 19. Nd5 Bxd5 20. exd5 Qb6 (20... f5 $16 {is a better defense.}) 21. Bd3 Kf7 (21... f5 {was worth a try.} 22. g4 e5 23. dxe6 Rc5) 22. Kh1 $18 {[%emt 0:04:03][%cal Od3g6] White wants to mate with Bxg6+!} Rh8 $2 {[%emt 0:11:04] [#]} (22... f5 23. g4 (23. Re1 Re8 $14) 23... Rh8) 23. Bxg6+ $1 Kf8 24. Re1 e5 25. dxe6 Ke7 26. b4 {[%emt 0:03:13][%cal Oc4c5] Strongly threatening c5!} Rad8 27. c5 Qc7 28. Qg3 {[%emt 0:00:21] And now Red1 would win.} Qb8 {[%emt 0:01:16] [#]} 29. cxd6+ (29. Be8 $142 $1 Nf5 30. Qg6 Nh6 31. Qg7+ Kxe8 32. Qxh8+ Ke7 33. Qxh6 Rg8 34. Qh7+ Rg7 35. Qxg7+ Ke8 36. Qf7+ Kd8 37. Qd7#) 29... Rxd6 30. Rxd6 Qxd6 31. Qxd6+ Kxd6 {[%emt 0:00:06][%mdl 4096] Endgame KRB-KRN} 32. e7 Ne8 33. Bxe8 Rxe8 34. h4 b5 35. g4 Kd7 36. Kg2 {[%emt 0:00:22] White mates.} Rxe7 37. Rxe7+ Kxe7 38. Kf3 {[%emt 0:00:23] Black got outplayed after the opening.  Weighted Error Value: White=0.64/Black=1.07} 1-0

[Event "FIDE WY-U16 Olympiad 2022"]
[Site "Nakhchivan"]
[Date "2022.10.04"]
[Round "3.14"]
[White "Navaratnam, Ishaan Quan Tze"]
[Black "Manon, Reja Neer"]
[Result "1-0"]
[ECO "B13"]
[WhiteElo "1862"]
[BlackElo "2107"]
[Annotator "TA"]
[PlyCount "111"]
[EventDate "2022.10.02"]
[EventType "team-tourn"]
[EventCountry "AZE"]
[SourceTitle "playchess.com"]
[Source "ChessBase"]
[SourceQuality "1"]
[WhiteTeam "Malaysia"]
[BlackTeam "Bangladesh"]
[WhiteTeamCountry "MAS"]
[BlackTeamCountry "BAN"]
[TimeControl "40/5400+30:1800+30"]

1. e4 c6 2. d4 d5 3. exd5 cxd5 4. Bd3 Nc6 5. c3 Qc7 6. Ne2 e6 7. Bf4 Bd6 8. Bxd6 Qxd6 9. O-O $1 {[%emt 0:00:29] The main line 9.0-0 scores better than 9.Nd2.} Nf6 10. Nd2 {[%emt 0:00:40] B13: Caro-Kann: Exchange Variation and Panov-Botvinnik Attack.} O-O 11. Nf3 Ne4 12. Bxe4 {[%emt 0:07:13] White is slightly better.} dxe4 13. Nd2 f5 14. f3 {[%emt 0:03:20] [#]} e5 $146 ({Predecessor:} 14... exf3 15. Nxf3 b6 16. Nc1 Ba6 17. Re1 Rf6 18. Nd3 Rh6 19. Nfe5 Nxe5 20. Nxe5 Bb7 {0-1 (42) Peretz,M-Kagan,S Nathanya 1969}) 15. dxe5 (15. Nc4 $5 Qc7 16. Nxe5 $11) 15... Qxe5 16. fxe4 $1 f4 ({Black should try} 16... Be6 $14) 17. Qc2 (17. Rf2 $16) 17... Bg4 $14 18. Nf3 Bxf3 19. Rxf3 (19. gxf3 $14 Rad8 20. Rad1) 19... g5 {[%emt 0:04:04] [#]} (19... Rae8 $11) 20. Rd1 $1 $16 Rad8 21. Rxd8 Rxd8 22. Rd3 Qc5+ 23. Kf1 Rf8 (23... Rxd3 $16 24. Qxd3 h6) 24. Qb3+ $18 Kh8 25. Qd5 ({White has to play} 25. Qxb7 $18 {Strongly threatening Rd7.} Na5 26. Qd5 Qxd5 27. exd5) 25... Qe7 $16 26. Nd4 Rd8 27. Qf5 {[%emt 0:00:37] aiming for Rh3.} Nxd4 (27... h6 $16 28. Kf2 Ne5) 28. Rxd4 {[%emt 0:00:22][%mdl 4096] Endgame KQR-KQR} ({But not} 28. cxd4 Rf8 29. Qc5 Qxc5 30. dxc5 Kg8) 28... Rf8 29. Qd7 Rf7 30. Qxe7 Rxe7 $18 {[%emt 0:00:01] KR-KR} 31. h3 Kg7 32. Ke2 Kf6 33. Kf3 Re6 34. Rd7 Rb6 35. b3 {[%emt 0:01:38] White is more active.} (35. Rxh7 $6 Rxb2 36. h4 Kg6 $14) 35... h6 (35... Ra6 $16 {was worth a try.}) 36. c4 Ke6 37. Rd5 Ra6 38. Rd2 Ke5 39. c5 {[%emt 0:01:30] [#] a4 is the strong threat.} Ra3 40. Rc2 ({White should play} 40. Rd5+ $16 Kf6 41. Rd6+ Kg7 42. Rd7+ Kf6 43. Rd6+ (43. Rxb7 Rxa2 44. b4 Ra3+ 45. Ke2 a6 $16) 43... Kg7 44. Rd2) 40... Ra5 $2 (40... a5 $11 {and Black stays safe.}) 41. a4 Ra6 42. Rd2 Rc6 43. Rd5+ Ke6 44. h4 gxh4 45. Rd6+ ({Don't play} 45. Kxf4 $6 a5 46. Kg4 Ke7 47. Kxh4 Re6) 45... Rxd6 $2 (45... Ke5 $18) 46. cxd6 Kxd6 47. Kxf4 {[%emt 0:00:00] KP-KP} Ke6 48. e5 {[%emt 0:00:00][%cal Be4e5,Be5e6,Be6e7][%mdl 32] White threatens b4 and mate.} a5 49. Ke4 {[%emt 0:00:00] White mates.} Ke7 50. Kd5 Kd7 51. e6+ Kc7 52. Ke5 Kd8 53. Kf6 Ke8 54. e7 b6 55. Ke6 h5 56. Kd6 {[%emt 0:00:00] Weighted Error Value: White=0.18 (very precise) /Black=0.48} 1-0

[Event "FIDE WY-U16 Olympiad 2022"]
[Site "Nakhchivan"]
[Date "2022.10.04"]
[Round "3.15"]
[White "Sakline Mostafa, Sajid"]
[Black "Emran, Muhammad Emir Rasyid"]
[Result "1/2-1/2"]
[ECO "A62"]
[WhiteElo "2001"]
[BlackElo "1634"]
[Annotator "TA"]
[PlyCount "126"]
[EventDate "2022.10.02"]
[EventType "team-tourn"]
[EventCountry "AZE"]
[SourceTitle "playchess.com"]
[Source "ChessBase"]
[SourceQuality "1"]
[WhiteTeam "Bangladesh"]
[BlackTeam "Malaysia"]
[WhiteTeamCountry "BAN"]
[BlackTeamCountry "MAS"]
[TimeControl "40/5400+30:1800+30"]

1. d4 Nf6 2. c4 c5 3. d5 e6 4. Nc3 exd5 5. cxd5 d6 6. g3 g6 7. Bg2 Bg7 8. Nf3 O-O 9. O-O Qb6 {[%emt 0:06:43] [#] A62: Modern Benoni: Fianchetto Variation without early ...Nbd7.} (9... Re8 $11) 10. Qc2 $146 ({Predecessor:} 10. e4 Re8 11. Re1 Nbd7 12. h3 a6 13. Qc2 Rb8 14. Bf4 Qc7 15. a4 b5 16. axb5 axb5 17. Bf1 c4 18. Nd4 b4 19. Ncb5 Qb6 20. Bxd6 Rb7 21. Qxc4 {1-0 (21) Burger,H (2166)-Scholz,R (1896) Berlin 2011}) 10... Ng4 11. Bf4 Nd7 {[%emt 0:01:27] White is slightly better.} 12. a4 (12. Nd2 $5 ) 12... Nge5 13. a5 Qa6 14. Nd2 b5 15. axb6 $1 Qxb6 16. Rfb1 Rb8 17. b3 Qc7 18. Nce4 Nb6 19. Nc3 Bf5 20. e4 Bd7 21. Bf1 c4 22. bxc4 Nbxc4 23. Nd1 $1 Rbc8 {[%emt 0:05:26] Hoping for ...Nxd2.} 24. Nxc4 Nxc4 25. Ra6 Be5 {[%emt 0:03:03] [#]} (25... Ne5 $16 26. Qa2 (26. Qxc7 Rxc7 27. Rxd6 g5 $16) 26... Qc5) 26. Bxe5 $2 ({White should try} 26. Bh6 $1 $18) 26... Nxe5 $14 27. Qxc7 Rxc7 28. Bg2 {[%emt 0:04:08] Against Nf3+} Rfc8 $1 29. Raa1 (29. Rxd6 $2 Rc1 30. Rxc1 Rxc1 $19) 29... Kf8 30. h4 Ke7 31. Ne3 Ng4 (31... a5 $11) 32. Nd1 (32. Nxg4 $14 Bxg4 33. f3) 32... Ne5 $11 33. f3 Ra8 34. Ra6 Bc8 35. Ra3 Bd7 36. f4 Ng4 37. Ra6 (37. Bf3 $5 h5 38. Ra6 $16) 37... Bc8 (37... Rac8 $11) 38. Ra5 $2 (38. Rc6 $16 Rxc6 39. dxc6) 38... Rb7 (38... Rc2 $11) 39. Rc1 (39. Rxb7+ $1 $14 Bxb7 40. Bf3) 39... Bd7 40. e5 Rb5 (40... a6 $11) 41. Raa1 (41. Rxb5 $16 Bxb5 42. Rc7+ Kf8 43. Bf3 (43. exd6 Re8 $17)) 41... a5 42. exd6+ (42. e6 $14 Be8 43. Rc7+ Kf8 44. Nc3) 42... Kxd6 43. Nc3 Rb2 44. Ne4+ Ke7 45. d6+ Kd8 (45... Kf8 $11 {keeps the balance.}) 46. Ng5 Ra6 (46... Rab8 $16 {was called for.}) 47. Nxf7+ $18 Ke8 48. Bd5 (48. Rc7 $18 {Strongly threatening Re1+.} Rd2 49. Bf1) 48... Nf6 {[%emt 0:01:16] [#]} (48... Rd2 $142 49. Bc4 Rc6) 49. Bc4 $1 $16 Rc6 50. Ng5 ({But not} 50. Rxa5 Rxc4 51. Rxc4 Kxf7 $11) (50. Ne5 $14 Rxd6 51. Bf7+ (51. Rxa5 Rdd2 $16) 51... Kf8 52. Nc4 (52. Rxa5 Rdd2 $11)) 50... Rxd6 (50... Kf8 $1 $11) 51. Re1+ Kf8 52. Rxa5 {[%emt 0:00:00] Threatens to win with Ra8+.} Rb8 {[%emt 0:00:00] Against Ra8} ({Better is} 52... Rdd2 $14 53. Ra8+ (53. Ra7 Rg2+ 54. Kh1 Rh2+ 55. Kg1 Rhg2+ 56. Kh1 Rh2+ 57. Kg1 Rhg2+ $11) 53... Kg7) 53. Rae5 {[%emt 0:00:00] White is much more active.} (53. Ra7 $16) 53... Re8 54. Bf7 Rc8 55. Re7 Rd1 56. Ba2 ({White should play} 56. Rxd1 $14 Kxe7 57. Re1+ Kd8 58. Be6) 56... Rxe1+ $11 57. Rxe1 Rc2 (57... Rc3 $5 ) 58. Ne6+ Bxe6 59. Bxe6 Rc3 {[%emt 0:00:00] Against Re3} 60. Kg2 Nh5 $1 {[%emt 0:00:00] The position is equal.} 61. Kh2 Rc2+ 62. Kh3 Rc3 {[%emt 0:00:00][%csl LRf4,LRg3] Prevents Re3.} 63. Kh2 Rc2+ {[%emt 0:00:00] Weighted Error Value: White=0.31/Black=0.36} 1/2-1/2

[Event "FIDE WY-U16 Olympiad 2022"]
[Site "Nakhchivan"]
[Date "2022.10.04"]
[Round "3.15"]
[White "Kirtadze, Anastasia"]
[Black "Mahdavi, Reza"]
[Result "0-1"]
[ECO "B49"]
[WhiteElo "1814"]
[BlackElo "2324"]
[Annotator "TA"]
[PlyCount "108"]
[EventDate "2022.10.02"]
[EventType "team-tourn"]
[EventCountry "AZE"]
[SourceTitle "playchess.com"]
[Source "ChessBase"]
[SourceQuality "1"]
[WhiteTeam "Georgia"]
[BlackTeam "Iran"]
[WhiteTeamCountry "GEO"]
[BlackTeamCountry "IRI"]
[TimeControl "40/5400+30:1800+30"]

1. e4 c5 2. Nf3 e6 3. d4 cxd4 4. Nxd4 Nc6 5. Nc3 Qc7 6. Be3 a6 7. Be2 Nf6 8. O-O Bb4 9. Na4 Be7 10. Nxc6 bxc6 11. Nb6 Rb8 12. Nxc8 Qxc8 13. Bd4 c5 14. Be5 Rb6 15. b3 {[%emt 0:03:44] B49: Sicilian: Taimanov: 5 Nc3 Qc7 6 Be3 a6 7 Be2.} Nxe4 16. Bxg7 {[%emt 0:10:54] A strong pair of Bishops.} Rg8 17. Be5 {[%emt 0:08:40] White is slightly better.} Bd6 18. Bxd6 (18. Bg3 $5) 18... Rxd6 19. Bd3 Nf6 20. Qf3 ({Better is} 20. f4 $14) 20... Ke7 {[%emt 0:01:25] [#]} 21. Rad1 $146 ({Predecessor:} 21. Qe2 h5 22. f4 Qc7 23. Rf3 Rd4 24. Raf1 Rg4 25. f5 Nd5 26. fxe6 fxe6 27. Rf7+ {1-0 (78) Hagara,E (2372)-Chytilek,R (2384) Slovakia 2007}) 21... Qc7 22. Be2 Rxd1 23. Rxd1 d5 24. Bxa6 Ra8 25. Bd3 Rxa2 26. Qe2 h5 27. g3 h4 28. Re1 hxg3 29. fxg3 Qa7 {[%emt 0:05:59] [#] Strongly threatening ...c4+.} 30. Kg2 ({White should try} 30. Qe3 $11) 30... Ra1 ({Black should play} 30... Qb7 $1 $15 31. Kg1 Qb4) 31. Rxa1 Qxa1 $11 {[%emt 0:00:07][%mdl 4096] Endgame KQB-KQN} 32. g4 Nd7 33. h3 Qc3 34. Qf2 c4 35. bxc4 dxc4 36. Be4 Qe5 37. Bf3 Kf8 38. Qd2 Ke7 (38... Nc5 $11) 39. Qf2 (39. Qb4+ $14 Qc5 40. Qxc5+ Nxc5 41. h4) 39... Nf8 40. Qa7+ Kf6 41. Qf2 (41. Bc6 {is interesting.} Ng6 42. Qf2+ Kg5 43. Qd2+) 41... Kg7 42. Qe2 Qc3 43. Be4 Nd7 44. Bc6 Ne5 45. Be4 Qd4 46. h4 f6 47. Kh3 Kh6 48. Kg2 c3 {[%emt 0:00:30] ...Qd2 is the strong threat.} 49. Kf1 (49. Kg3 $11 {remains equal.}) 49... Nc4 $17 {[%emt 0:00:45] Threatens to win with ...Nd2+. Black has more active pieces.} ({Of course not} 49... Qd2 50. Qxd2+ cxd2 51. Ke2 $11) 50. g5+ $2 (50. Kg2) 50... fxg5 $19 51. hxg5+ Kxg5 52. Qg2+ {[%emt 0:00:47] [#]} Kf4 $1 53. Qf3+ Ke5 {[%emt 0:00:04] ( -> ...Nd2+)} 54. Qe2 Qxe4 {[%emt 0:00:08] Weighted Error Value: White=0.49/Black=0.08 (flawless)} 0-1